AoeStats
← EddieLooo

Fortress

509074413Analyzed
4v4 RM · 5d ago on Sep 25, 2026· 55m 19s· 8 players
Game mode
Random Map
Map size
Huge
Population
200
Speed
Normal
Resources
Standard
Victory
Conquest
Starting age
Dark Age
Ending age
Imperial Age
RankedLock teamsTeams togetherTeam positionsShared explorationLock speedFull tech treeHidden civsTurbo modeCheats
Victory
Defeat
🇮🇹 Goths · Italy
1123
+17
🇩🇪 Bengalis · Germany
1111
+17
🇮🇹 Aztecs · Italy
1075
+19
🇪🇸 Byzantines · Spain
1065
+18
🇹🇼 Maya · Taiwan
1148
-18
🇻🇳 Mongols · Vietnam
1145
-18
🇧🇩 Saracens · Bangladesh
1139
-18
🇲🇴 Georgians · Macao SAR China
1121
-17
ALIENSDIABLO
0:53 Loom
2:20 Loom
7:52 Feudal Age
12:59 Castle Age
11:45 Horse Collar
11:51 Double-Bit Axe
15:23 Bow Saw
17:17 Heavy Plow
17:35 Paiks
18:20 Fervor
27:06 Imperial Age
25:16 Wheelbarrow
24:43 Gold Mining
24:43 Stone Mining
25:45 Bloodlines
25:36 Husbandry
25:31 Fletching
25:41 Padded Archer Armor
26:39 Hand Cart
27:47 Sanctity
28:20 Gold Shaft Mining
27:11 Elite Ratha (Ranged)
28:12 Conscription
29:19 Two-Man Saw
28:50 Mahayana
29:00 Bodkin Arrow
29:21 Leather Archer Armor
30:34 Bracer
31:36 Chemistry
30:57 Ballistics
31:11 Fortified Wall
32:11 Ring Archer Armor
31:45 Scale Mail Armor
31:56 Forging
31:57 Scale Barding Armor
35:51 Town Watch
37:57 Siege Elephant
39:33 Iron Casting
fabio07deluca
9:40 Feudal Age
10:39 Horse Collar
10:46 Double-Bit Axe
10:53 Gold Mining
14:23 Castle Age
12:11 Loom
14:27 Castle Age
12:38 Scale Mail Armor
12:49 Man-at-Arms
15:32 Long Swordsman
16:21 Squires
17:21 Forging
18:16 Chain Mail Armor
23:12 Bow Saw
25:56 Wheelbarrow
28:14 Imperial Age
25:48 Town Watch
26:09 Heavy Plow
26:04 Stone Mining
29:22 Hand Cart
30:23 Iron Casting
29:58 Anarchy
31:25 Two-Man Saw
31:16 Crop Rotation
31:43 Stone Shaft Mining
33:50 Blast Furnace
32:23 Pikeman
33:54 Town Patrol
36:38 Halberdier
38:00 Conscription
38:04 Perfusion
38:08 Elite Huskarl
38:45 Fletching
48:42 Treadmill Crane
49:13 Masonry
49:24 Ballistics
49:01 Murder Holes
50:07 Chemistry
49:57 Bodkin Arrow
50:43 Architecture
51:05 Bracer
ronald.lama6
8:23 Feudal Age
12:19 Castle Age
10:29 Double-Bit Axe
11:01 Horse Collar
13:51 Wheelbarrow
13:30 Bow Saw
13:35 Heavy Plow
19:04 Hand Cart
18:51 Gold Mining
19:13 Loom
20:33 Scale Barding Armor
20:39 Forging
26:24 Imperial Age
24:32 Chain Barding Armor
27:26 Gold Shaft Mining
28:21 Crop Rotation
28:53 Two-Man Saw
28:46 Husbandry
28:09 Heavy Camel Rider
30:04 Plate Barding Armor
31:07 Iron Casting
32:09 Scale Mail Armor
33:30 Conscription
34:33 Light Cavalry
35:20 Hussar
42:20 Fletching
43:02 Bodkin Arrow
43:17 Murder Holes
44:29 Chemistry
43:53 Caravan
48:55 Elite Cataphract
50:13 Logistica
Ottone il Grande
8:19 Feudal Age
11:20 Loom
14:40 Castle Age
12:47 Double-Bit Axe
12:57 Gold Mining
12:50 Horse Collar
25:41 Wheelbarrow
24:52 Town Watch
26:03 Fortified Wall
31:20 Imperial Age
29:32 Arson
29:47 Squires
29:33 Gambesons
29:09 Eagle Warrior
30:20 Scale Mail Armor
30:30 Forging
30:11 Fletching
30:22 Padded Archer Armor
29:47 Elite Skirmisher
30:29 Atlatl
32:11 Chain Mail Armor
32:32 Iron Casting
31:57 Murder Holes
32:19 Elite Eagle Warrior
34:37 Plate Mail Armor
34:03 Bodkin Arrow
34:24 Leather Archer Armor
35:14 Chemistry
38:21 Blast Furnace
37:22 Bracer
38:39 Garland Wars
38:40 Conscription
39:29 Elite Jaguar Warrior
45:08 Pikeman
EddieLooo
tranducnhan15
6:22 Loom
8:08 Feudal Age
13:59 Castle Age
12:08 Double-Bit Axe
12:04 Horse Collar
12:15 Gold Mining
12:52 Stone Mining
14:56 Bow Saw
15:35 Heavy Plow
16:11 Gold Shaft Mining
17:26 Wheelbarrow
18:22 Hand Cart
25:06 Imperial Age
23:31 Fletching
25:01 Padded Archer Armor
25:34 Bodkin Arrow
26:37 Bracer
27:36 Leather Archer Armor
27:46 Drill
26:54 Elite Mangudai
27:35 Pikeman
28:28 Forging
28:55 Squires
29:50 Conscription
29:45 Scale Mail Armor
32:57 Iron Casting
33:46 Chain Mail Armor
36:11 Blast Furnace
38:43 Murder Holes
39:59 Elite Steppe Lancer
40:51 Bloodlines
40:47 Husbandry
41:24 Scale Barding Armor
46:00 Chain Barding Armor
小汽車
0:31 Loom
8:09 Feudal Age
13:03 Castle Age
11:46 Double-Bit Axe
12:38 Horse Collar
14:46 Fletching
15:59 Bodkin Arrow
18:34 Padded Archer Armor
22:26 Ballistics
26:38 Thumb Ring
29:01 Gold Mining
29:32 Leather Archer Armor
29:06 Treadmill Crane
29:38 Fortified Wall
30:58 Heavy Plow
35:08 Imperial Age
33:44 Masonry
37:15 Chemistry
36:19 Bracer
35:55 Pikeman
36:38 Squires
36:26 Arson
37:31 Ring Archer Armor
37:12 Forging
37:35 Conscription
37:42 Conscription
38:44 Crop Rotation
37:49 Halberdier
38:34 Scale Mail Armor
40:13 Iron Casting
42:11 Chain Mail Armor
45:32 Stone Mining
46:19 Plate Mail Armor
46:07 Bow Saw
50:53 Blast Furnace
54:14 Two-Man Saw
52:45 Elite Skirmisher
54:03 Hul'che Javelineers
ImranAOE
7:38 Feudal Age
11:30 Castle Age
9:40 Double-Bit Axe
9:43 Horse Collar
10:06 Double-Bit Axe
12:29 Bow Saw
12:21 Heavy Plow
17:17 Loom
22:14 Forging
24:41 Iron Casting
26:56 Wheelbarrow
27:29 Bloodlines
29:51 Imperial Age
27:59 Scale Barding Armor
28:09 Husbandry
29:23 Hand Cart
29:52 Elite Mameluke
30:53 Conscription
31:15 Counterweights
33:56 Blast Furnace
33:17 Chain Barding Armor
36:03 Hoardings
36:57 Plate Barding Armor
39:49 Town Watch
42:06 Scale Mail Armor
43:07 Light Cavalry
44:07 Hussar
Connection lost

Rejoining the realm…

Still unreachable

The connection could not be restored.

Session expired

The server has moved on; the page needs a fresh start.